 Dungeon Crawl Stone Soup version 0.24-a0-279-ga7546fe674 (webtiles) character file.

Game seed: 1559585622022095326

59 Esekla the Grave Robber (level 3, -1/26 HPs)
             Began as a Vampire Wanderer on Apr 30, 2019.
             Slain by an adder (5 damage)
             ... on level 2 of the Dungeon.
             The game lasted 00:20:14 (2247 turns).

Esekla the Grave Robber (Vampire Wanderer)          Turns: 2247, Time: 00:20:15

Health: -1/26      AC:  0    Str: 11    XL:     3   Next: 78%
Magic:  3/5        EV: 18    Int: 13    God:
Gold:   66         SH:  0    Dex: 20    Spells: 1/5 levels left

rFire    . . .     SeeInvis +   (weapon currently unavailable)
rCold    . . .     Gourm    .   (shield currently unavailable)
rNeg     + . .     Faith    .   (armour currently unavailable)
rPois    .         Spirit   .   (helmet currently unavailable)
rElec    .         Reflect  .   (cloak currently unavailable)
rCorr    .         Harm     .   (gloves currently unavailable)
MR       .....                  (boots currently unavailable)
Stlth    ++++......             (no amulet)
HPRegen  0.08/turn              (ring currently unavailable)
MPRegen  0.09/turn              (ring currently unavailable)

@: lethally poisoned (-1 -> -8), bat-form, flying, very slightly contaminated,
very quick
A: tiny, fangs 3, see invisible
a: End Transformation


You were on level 2 of the Dungeon.
You were not thirsty.
You were in vampire-bat-form.
You visited 1 branch of the dungeon, and saw 2 of its levels.

You collected 66 gold pieces.

Inventory:

Hand Weapons
 a - a +0 dagger (melded)
Armour
 d - a +0 robe
 g - a +0 leather armour (melded)
 n - +0 steam dragon scales
Scrolls
 b - a scroll of noise {unknown}
 e - a scroll of identify
 h - a scroll of amnesia {unknown}
 j - a scroll of random uselessness {unknown}
 k - a scroll of fear {unknown}
 o - a scroll of remove curse {unknown}
 p - a scroll of magic mapping {unknown}
Potions
 c - a potion of lignification
 f - 9 potions of blood
 i - a potion of brilliance
 l - a potion of agility
 m - 2 potions of curing


   Skills:
 - Level 1.0 Fighting
 * Level 1.2(1.5) Short Blades
   Level 1.0(1.2) Long Blades
 * Level 1.1 Dodging
 + Level 2.4 Stealth
 + Level 1.6 Spellcasting
 * Level 1.0 Conjurations
   Level 1.0 Summonings
   Level 3.2 Necromancy
 * Level 1.0 Air Magic
 * Level 0.2 Poison Magic
   Level 1.7 Evocations


You had one spell level left.
You knew the following spells:

 Your Spells              Type           Power        Failure   Level  Hunger
a - Shock                 Conj/Air       #...         17%         1    ##.....
c - Mephitic Cloud        Conj/Pois/Air  #.......     50%         3    ####...

Your spell library contained the following spells:

 Spells                   Type           Power        Failure   Level  Hunger
 Magic Dart               Conj           #...         19%         1    ##.....
 Call Imp                 Summ           #.......     26%         2    ###....
 Blink                    Tloc           N/A          38%         2    ###....
 Slow                     Hex            #.......     38%         2    ###....
 Conjure Flame            Conj/Fire      #.......     54%         3    ####...


Dungeon Overview and Level Annotations

Branches:
Dungeon (2/15)

Altars:


Innate Abilities, Weirdness & Mutations

You have razor-sharp teeth.
You have supernaturally acute eyesight. (SInv)
((You can survive without breathing.))


Message History

The adder bites you.
You feel sick.
The goblin hits you from afar with a +0 spear.
You fail to use your ability.
The adder barely misses you. The goblin closely misses you.
You fail to use your ability.
The adder barely misses you.
The goblin hits you from afar with a +0 spear.
You fail to use your ability.
The adder barely misses you. x2
The goblin closely misses you.
You feel sick.
There is an open door here.
The adder bites you.
* * * LOW HITPOINT WARNING * * *
You are lethally poisoned!
The adder poisons you!
You turn into a vampire bat.
Your +0 dagger melds into your body.
Your +0 leather armour melds into your body.
* * * LOW HITPOINT WARNING * * *
You feel sick. The adder bites you.
You die...

...###........##.....###.....###
.....####.....#.......#...%...#
.....# #.....#.......#.......#
.....# #.....#.......#.......#
...#.# #.....##.....###.....#
...#.# #####..##...## ##...##
#.##.# ##..##'#######'######
#.##)# ##..................
.....###### #.bSg..............
#.##......# #..................
#......##.########'#######'######
####.#.........##...## ##...##
#.####.######.....###.....##
#.####.# #.......#.......#
#......# #.......#.......#
######## #...%...#...)...#
##.....###.....##


You could see an adder and a goblin.

Vanquished Creatures
  2 adders (D:2)
  A dart slug (D:1)
  2 leopard geckos
  3 giant cockroaches
  4 goblins
  A hobgoblin (D:2)
  7 jackals (D:2)
  A quokka (D:2)
  5 bats
  2 frilled lizards (D:1)
  2 kobolds
  6 rats
36 creatures vanquished.

Notes
Turn   | Place    | Note
-------+----------+-------------------------------------------
     0 | D:1      | Esekla the Vampire Wanderer began the quest for the Orb.
     0 | D:1      | Esekla set off with the following items: a +0 dagger, a
                  | potion of lignification, a +0 robe, a potion of blood; and
                  | the following spells available to memorise: Magic Dart,
                  | Shock, Call Imp, Blink, Slow, Conjure Flame, Mephitic Cloud
     0 | D:1      | Reached XP level 1. HP: 15/15 MP: 2/2
     2 | D:1      | Learned a level 1 spell: Shock
   551 | D:1      | Reached XP level 2. HP: 18/21 MP: 0/3
  1123 | D:2      | Reached XP level 3. HP: 14/26 MP: 2/5
  1126 | D:2      | Reached skill level 1 in Short Blades
  1180 | D:2      | Learned a level 3 spell: Mephitic Cloud
  1485 | D:2      | Reached skill level 1 in Dodging
  1485 | D:2      | Reached skill level 1 in Air Magic
  1561 | D:2      | Reached skill level 1 in Conjurations
  1951 | D:2      | Upgraded the game from 0.24-a0-278-gefa197325e to
                  | 0.24-a0-279-ga7546fe674
  2247 | D:2      | Slain by an adder

Levels and vault maps discovered:
D:1:      matt_arrival_los_fun, layout_basic, minmay_bisected
D:2:      kennysheep_six_static_rooms, layout_loops_cross, fountainhead

Skill      XL: |  1  2  3 |
---------------+----------+-----
Stealth        | 2 |  2.4
Short Blades   | 1 |  1.2
Dodging        | 1 |  1.1
Air Magic      | 1 |  1.0
Conjurations   | 1 |  1.0
Fighting       | |  1.0
Long Blades    | |  1.0
Spellcasting   | |  1.6
Summonings     | |  1.0
Necromancy     | |  3.2
Poison Magic   | |  0.2
Evocations     | |  1.7

Action                   || total
-------------------------++-------
Melee: Dagger            ||   112
       Bite              ||     6
 Cast: Shock             ||    25
 Abil: Bat Form          ||     2
       End Transformatio ||     1
  Use: Potion            ||     4
       Scroll            ||     3
 Stab: Sleeping          ||     4
Armor: Leather armour    ||    43
Dodge: Dodged            ||    89

Table legend:
 A = Non-vault XP
 B = Vault XP
 C = Vault XP percentage of total XP
 D = Non-vault monster count
 E = Vault monster count
 F = Vault count percentage of total count
                 A         B        C        D         E       F
            +---------+---------+-------+---------+---------+-------
      Total |      77 |       8 |   9.4 |      31 |       5 |  13.9
            +---------+---------+-------+---------+---------+-------
        D:1 |      20 |       1 |   4.8 |      11 |       1 |   8.3
        D:2 |      57 |       7 |  10.9 |      20 |       4 |  16.7
            +---------+---------+-------+---------+---------+-------
